 Dungeon Crawl Stone Soup version 0.25.1-2-g60ff931df9 (webtiles) character file.

Game seed: 10200562083875980060

3864 Drachen the Destroyer (level 9, -4/62 HPs)
             Began as a Demigod Fire Elementalist on Oct 18, 2020.
             Slain by Erolcha
             ... wielding a +0 giant club
              (33 damage)
             ... on level 9 of the Dungeon.
             The game lasted 00:31:12 (12537 turns).

Drachen the Destroyer (Demigod Fire Elementalist)  Turns: 12537, Time: 00:31:12

Health: -4/62      AC:  4    Str: 11    XL:     9   Next: 67%
Magic:  16/29      EV: 13    Int: 25    God:
Gold:   193        SH:  0    Dex: 16    Spells: 2/18 levels left

rFire    . . .     SeeInvis .   h - +2 mace (protect)
rCold    . . .     Gourm    .   (no shield)
rNeg     . . .     Faith    .   a - +0 robe
rPois    .         Spirit   .   m - +0 helmet
rElec    .         Reflect  .   (no cloak)
rCorr    .         Harm     .   j - +0 pair of gloves
MR       +....                  (no boots)
Stlth    ++........             l - amulet of the acrobat
HPRegen  0.20/turn              C - ring of magical power
MPRegen  0.21/turn              r - ring of protection from magic

@: mighty
A: high mp 1
a: no special abilities


You were on level 9 of the Dungeon.
You were not hungry.

You visited 1 branch of the dungeon, and saw 9 of its levels.
You also visited: Sewer.

You collected 403 gold pieces.
You spent 210 gold pieces at shops.

Inventory:

Hand Weapons
 h - a +2 mace of protection (weapon)
 q - a +0 spear
Missiles
 g - 61 poisoned darts (quivered)
Armour
 a - a +0 robe (worn)
 j - a +0 pair of gloves (worn)
 m - a +0 helmet (worn)
Jewellery
 l - an amulet of the acrobat (around neck)
 r - a ring of protection from magic (right hand)
 v - an uncursed ring of positive energy
 A - an uncursed ring of poison resistance
 C - a ring of magical power (left hand)
 E - an uncursed ring of resist corrosion
Wands
 b - a wand of iceblast (5)
Scrolls
 e - 10 scrolls of identify
 f - a scroll of magic mapping
 s - a scroll of enchant weapon
 u - a scroll of teleportation
 z - a scroll of remove curse
 D - a scroll of amnesia
 F - a scroll of summoning {unknown}
 G - a scroll of blinking
Potions
 d - a potion of lignification {unknown}
 i - 3 potions of stabbing
 k - a potion of invisibility {unknown}
 n - a potion of degeneration {unknown}
 o - 8 potions of curing
 p - 6 potions of heal wounds {unknown}
 t - a potion of might
 w - 5 potions of flight {unknown}
 x - a potion of brilliance {unknown}
 B - a potion of berserk rage {unknown}
Comestibles
 c - 10 rations


   Skills:
 - Level 3.0 Dodging
 - Level 2.0 Stealth
 - Level 5.0 Spellcasting
 + Level 8.3 Conjurations
 - Level 3.0 Translocations
 + Level 8.3 Fire Magic


You had 2 spell levels left.
You knew the following spells:

 Your Spells              Type           Power        Failure   Level  Hunger
a - Foxfire               Conj/Fire      ####         1%          1    None
b - Conjure Flame         Conj/Fire      #####...     1%          3    ##.....
c - Sticky Flame          Conj/Fire      #####...     2%          4    ####...
d - Fireball              Conj/Fire      #####.....   8%          5    #####..
e - Blink                 Tloc           N/A          3%          2    None
f - Magic Dart            Conj           ####         1%          1    None

Your spell library contained the following spells:

 Spells                   Type           Power        Failure   Level  Hunger
 Animate Skeleton         Necr           N/A          9%          1    None
 Pain                     Necr           #...         9%          1    None
 Call Imp                 Summ           #.......     12%         2    None
 Slow                     Hex            #.......     12%         2    None
 Inner Flame              Hex/Fire       ####....     4%          3    ##.....
 Mephitic Cloud           Conj/Pois/Air  ###.....     8%          3    ##.....
 Vampiric Draining        Necr           #.........   24%         3    ##.....
 Animate Dead             Necr           N/A          63%         4    ####...
 Agony                    Necr           #.......     92%         5    #####..


Dungeon Overview and Level Annotations

Branches:
Dungeon (9/15)             Temple (0/1) D:5           Sewer (visited)
   Lair: D:8-11         Orc: D:9-12

Shops:
D:4 (   D:7 (

Annotations:
D:9 Erolcha


Innate Abilities, Weirdness & Mutations

You have an increased reservoir of magic. (+10% MP)


Message History

Erolcha seems to speed up.
Casting: Blink (safe; 3% risk of failure)
Confirm with . or Enter, or press ? or * to list all spells.
You conjure some foxfire!
The foxfire hits Erolcha but does no damage.
Erolcha is heavily wounded.
The foxfire hits Erolcha but does no damage.
Erolcha is heavily wounded.
Erolcha misses you.
Casting: Foxfire (safe; 1% risk of failure)
Confirm with . or Enter, or press ? or * to list all spells.
Aiming: Sticky Flame (dangerous; 2% risk of failure)
Press: ? - help, Shift-Dir - straight line, f/p - Erolcha
Aim: Erolcha, wielding a +0 giant club and wearing a +0 robe (grey smoke, heavily wounded, fast, very poisoned)
The sticky flame hits Erolcha.
Erolcha is heavily wounded.
Erolcha is covered in liquid flames!
Erolcha burns!
Erolcha hits you with a +0 giant club!!
Ouch! That really hurt!
You die...

#..........≈≈≈≈
#..........†≈.≈
#..........≈..≈
#.....(.......≈
#...?O(......≈≈≈≈≈
#.............≈.≈###
#..§§Z§§............
#..§§O§§......Z.....
#..§§@§§............
#..§§§§§............
#..§§§.§.>..........
#.(......<..........
#...........<.......
#..............Z....
#..#################
#..# #..#


You could see Erolcha (fast, burning, poisoned) and a quokka simulacrum.

Vanquished Creatures
  2 polar bears
  A steam dragon (D:9)
  An orc warrior (D:6)
  A black bear (D:9)
  2 phantoms
  An ice beast (D:8)
  A sky beast (D:5)
  A necrophage (D:8)
  3 ogres
  A wolf (D:9)
  2 centaurs
  3 big kobolds (Sewer)
  Blork the orc (D:5)
  3 bullfrogs
  4 scorpions
  3 killer bees (D:8)
  5 wights (D:7)
  An electric eel (D:9)
  2 howler monkeys (D:7)
  A crimson imp (D:8)
  2 centaur zombies
  A quasit (D:8)
  An orc priest (D:7)
  A bullfrog skeleton (D:5)
  4 hounds
  2 orc wizards
  7 worker ants
  2 hound zombies
  3 hound skeletons
  A killer bee simulacrum (D:9)
  2 worker ant zombies (D:6)
  4 gnolls
  9 river rats
  16 adders
  A shadow imp (D:7)
  A worker ant simulacrum (D:9)
  2 oozes
  An adder skeleton (D:4)
  3 adder zombies
  4 worms
  2 dart slugs (D:1)
  An adder simulacrum (D:9)
  6 leopard geckos
  26 orcs
  9 ball pythons
  8 bats
  4 giant cockroaches
  4 goblins
  9 hobgoblins
  2 jackals (D:2)
  5 quokkas
  5 frilled lizards
  22 kobolds
  A leopard gecko skeleton (D:4)
  A quokka zombie (D:8)
  26 rats
237 creatures vanquished.

Vanquished Creatures (others)
  761 foxfires
761 creatures vanquished.

Grand Total: 998 creatures vanquished

Notes
Turn   | Place    | Note
-------+----------+-------------------------------------------
     0 | D:1      | Drachen the Demigod Fire Elementalist began the quest for
                  | the Orb.
     0 | D:1      | Reached XP level 1. HP: 14/14 MP: 5/5
    95 | D:1      | Reached skill level 1 in Conjurations
   277 | D:1      | Reached XP level 2. HP: 20/20 MP: 5/7
   918 | D:1      | Reached XP level 3. HP: 26/26 MP: 6/8
  2057 | D:2      | Found a burning altar of Makhleb.
  2066 | D:2      | Reached XP level 4. HP: 25/33 MP: 4/9
  3009 | D:3      | Learned a level 3 spell: Conjure Flame
  3068 | D:3      | Found a white marble altar of Elyvilon.
  3119 | D:3      | Reached XP level 5. HP: 36/38 MP: 5/10
  3318 | D:3      | Learned a level 4 spell: Sticky Flame
  3715 | D:3      | Found a shimmering altar of Xom.
  3717 | D:3      | Found a snail-covered altar of Cheibriados.
  4131 | D:4      | Found Vammuak's Antique Weapon Shop.
  5433 | D:5      | Entered Level 5 of the Dungeon
  5503 | D:5      | Noticed Blork the orc
  5516 | D:5      | Killed Blork the orc
  5516 | D:5      | Reached XP level 6. HP: 24/45 MP: 1/12
  5669 | D:5      | Found a glowing drain.
  5686 | D:5      | HP: 2/45 [poisoned by an adder]
  5816 | Sewer    | Entered a sewer
  6611 | Sewer    | Reached XP level 7. HP: 46/50 MP: 8/15
  6619 | Sewer    | Reached skill level 5 in Fire Magic
  7231 | D:5      | Reached skill level 5 in Conjurations
  7244 | D:5      | Learned a level 5 spell: Fireball
  7276 | D:5      | Found a staircase to the Ecumenical Temple.
  7918 | D:6      | Reached XP level 8. HP: 47/57 MP: 14/17
  8255 | D:6      | Found an opulent altar of Gozag.
  8255 | D:6      | Found a hazy altar of Hepliaklqana.
  8500 | D:6      | HP: 1/57 [orc/+0 hand axe (4)]
  9557 | D:7      | Reached skill level 5 in Spellcasting
 10033 | D:7      | Learned a level 2 spell: Blink
 10131 | D:7      | Found Qoxt's Weapon Boutique.
 10253 | D:4      | Bought a warped dagger for 210 gold pieces
 10253 | D:4      | Identified the +7 dagger of Devotion {antimagic, *Slow rN+
                  | Dex+3} (You bought it in a shop on level 4 of the Dungeon)
 10373 | D:7      | Reached skill level 1 in Translocations
 10373 | D:7      | Reached XP level 9. HP: 45/62 MP: 20/20
 10568 | D:8      | Found an iron altar of Okawaru.
 10813 | D:8      | Found a basalt altar of Yredelemnul.
 10830 | D:7      | Learned a level 1 spell: Magic Dart
 11047 | D:8      | Found a glowing golden altar of the Shining One.
 11743 | D:9      | Noticed Erolcha
 12537 | D:9      | Slain by Erolcha

Illustrated notes

Levels and vault maps discovered:
D:1:      dpeg_arrival_shrine, layout_basic
D:2:      minmay_chambers_of_twos, layout_basic, makhleb_blood_cavern_becter
D:3:      layout_basic, elyvilon_altar_4, grunt_temple_overflow_open
D:4:      layout_basic, serial_shops, nicolae_shop_waterfront, first_ration
D:5:      layout_rooms, minmay_temple_entry_grid, lightli_sewer_entry_pipes,
          uniq_blork_the_orc
D:6:      layout_basic, gammafunk_temple_overflow_elements
D:7:      layout_basic, serial_shops, shop
D:8:      layout_loops_ring, yredelemnul_altar_generic, okawaru_metal_pillars_3,
          overflow_temple_1_default
D:9:      layout_long_grid, palyth_temple_overflow_mages,
          nemelex_xobeh_ov_fountains_minmay, serial_ice, serial_ice_d,
          serial_ice_b, serial_ice_g, serial_ice_h, serial_ice_j, serial_ice_n,
          gammafunk_ghost_arena, uniq_erolcha

Skill      XL: |  1  2  3  4  5  6  7  8  9 |
---------------+----------------------------+-----
Conjurations   | 1 2 3 4 5 7 8 |  8.3
Stealth        | 2 |  2.0
Dodging        | 2 3 |  3.0
Spellcasting   | 2 3 4 5 |  5.0
Fire Magic     | 3 4 5 7 8 |  8.3
Translocations | 1 3 |  3.0

Action                   |  1- 3 |  4- 6 |  7- 9 || total
-------------------------+-------+-------+-------++-------
Melee: Mace              |    12 |     6 |     5 ||    23
       Spear             |       |    46 |    27 ||    73
Throw: Dart              |       |       |    31 ||    31
 Cast: Foxfire           |    59 |   157 |   220 ||   436
       Conjure Flame     |       |     1 |    13 ||    14
       Sticky Flame      |       |       |    20 ||    20
       Fireball          |       |       |     3 ||     3
       Magic Dart        |       |       |    12 ||    12
       Blink             |       |       |     9 ||     9
  Use: Scroll            |       |    10 |     6 ||    16
       Potion            |       |       |     2 ||     2
 Stab: Sleeping          |     1 |       |     2 ||     3
  Eat: Chunk             |     4 |    15 |    10 ||    29
       Ration            |       |       |     4 ||     4
Armor: Robe              |    16 |    33 |    39 ||    88
Dodge: Dodged            |    49 |   115 |   191 ||   355
